[Event "January 9 Early 2024"]
[Site "https://www.chess.com"]
[Date "2024.01.11"]
[Round "6"]
[White "Iskusnyh, Sergei"]
[Black "Popov, Konstantin"]
[Result "1/2-1/2"]
[Board "236"]
[TimeControl "180+1"]
[WhiteFideId "4120027"]
[BlackFideId "34137910"]
[WhiteElo "2690"]
[BlackElo "2906"]
[WhiteTeam "RUS"]
[BlackTeam "FID"]
[WhiteClock "0:00:20"]
[BlackClock "0:00:05"]

1. d4 Nf6 2. c4 e6 3. g3 d5 4. Bg2 dxc4 5. Nf3 Bb4+ 6. Bd2 c5 7. a3 Bxd2+ 8. Nbxd2 cxd4 9. Nxc4 Nc6 10. O-O O-O 11. Rc1 Rb8 12. Qd2 b6 13. Rfd1 Ba6 14. Nce5 Nxe5 15. Nxe5 Rc8 16. Nc6 Qd6 17. Qxd4 Qxd4 18. Rxd4 Rc7 19. Bf3 g5 20. Ra4 Bb7 21. Rxa7 Nd5 22. Bxd5 exd5 23. Rc3 d4 24. Nxd4 Rd7 25. e3 Re8 26. h3 h5 27. Rb3 Rc8 28. Rc3 Re8 29. a4 Ree7 30. Kh2 h4 31. gxh4 gxh4 32. a5 bxa5 33. Rxa5 f6 34. Rh5 Rg7 35. f3 Ba6 36. Rxh4 Rb7 37. b3 Ra7 38. Rg4 Kh7 39. Nf5 Rgd7 40. Rc2 Bd3 41. Rcg2 Kh8 42. Rh4+ Rh7 43. Rxh7+ Kxh7 44. e4 Ra3 45. Rg7+ Kh8 46. Rb7 Bc2 47. Kg3 Bxb3 48. h4 Bd1 49. Nd4 Rd3 50. Rd7 Bxf3 51. Rd8+ Kh7 52. Ne6 Rxd8 53. Nxd8 Bxe4 54. Nf7 Kg6 55. Nd6 Bc6 56. Nc4 Kf5 57. Ne3+ Ke4 58. Ng4 f5 59. Nf2+ Ke3 60. Nh3 Be8 61. Nf4 Bf7 62. Ng2+ Ke4 63. Nf4 Be8 64. h5 Bxh5 65. Nxh5 f4+ 66. Nxf4 1/2-1/2

[Event "January 9 Early 2024"]
[Site "https://www.chess.com"]
[Date "2024.01.11"]
[Round "6"]
[White "Malek, Jan"]
[Black "Begunov, Konstantin"]
[Result "1-0"]
[Board "237"]
[TimeControl "180+1"]
[WhiteFideId "21864080"]
[BlackFideId "4118510"]
[WhiteElo "2715"]
[BlackElo "2479"]
[WhiteTeam "POL"]
[BlackTeam "RUS"]
[WhiteClock "0:00:06"]
[BlackClock "0:00:01"]

1. c4 c6 2. Nf3 d5 3. b3 Bg4 4. Bb2 Bxf3 5. gxf3 e6 6. Nc3 Nf6 7. e3 g6 8. Qc2 Bg7 9. Ne2 Nbd7 10. h4 a5 11. Ng3 h5 12. Bd3 Qe7 13. a3 Nc5 14. Be2 a4 15. b4 Nb3 16. Rb1 O-O 17. Rg1 Rad8 18. d4 dxc4 19. Bxc4 Nd5 20. Ke2 Qxh4 21. Bxb3 axb3 22. Qxb3 Rfe8 23. Rh1 Qe7 24. Rbg1 Kf8 25. f4 Qd6 26. Ne4 Qc7 27. Qc2 Ne7 28. Ng3 Nf5 29. Qc5+ Qe7 30. Ne4 Kg8 31. Qxe7 Rxe7 32. a4 Rc7 33. Bc3 b6 34. Ra1 Ra8 35. Rhc1 Rca7 36. a5 bxa5 37. Rxa5 Ne7 38. Rca1 Rxa5 39. Rxa5 Rb8 40. Bd2 Nd5 41. Nc5 Nxb4 42. Nd7 Rb7 43. Ra8+ Kh7 44. Nc5 Rb5 45. Ra7 Kg8 46. Ne4 Nd5 47. Nd6 Rb2 48. Nxf7 c5 49. Ng5 cxd4 50. Ra8+ Bf8 51. Nxe6 Nc3+ 52. Kd3 Nb1 53. Rxf8+ Kh7 54. Ba5 Rxf2 55. Bb6 dxe3 56. Ng5+ Kg7 57. Ne6+ Kh7 58. Bd4 g5 59. f5 Rd2+ 60. Kxe3 1-0

[Event "January 9 Early 2024"]
[Site "https://www.chess.com"]
[Date "2024.01.11"]
[Round "6"]
[White "Zhukov, Maksim"]
[Black "Adel, Sara"]
[Result "0-1"]
[Board "238"]
[TimeControl "180+1"]
[WhiteFideId "34181790"]
[BlackFideId "10616764"]
[WhiteElo "2327"]
[BlackElo "2195"]
[WhiteTeam "RUS"]
[BlackTeam "EGY"]
[WhiteClock "0:00:07"]
[BlackClock "0:00:48"]

1. e4 c6 2. Nf3 d5 3. d3 dxe4 4. dxe4 Qxd1+ 5. Kxd1 Nf6 6. Nc3 Ng4 7. Ke1 g6 8. h3 Nf6 9. Be3 Bg7 10. Nd2 O-O 11. Bc4 Nbd7 12. a4 Ne5 13. Bb3 Be6 14. Bxe6 fxe6 15. f4 Ned7 16. Ke2 Nh5 17. Kf3 e5 18. g3 exf4 19. gxf4 Nxf4 20. Bxf4 Bh6 21. Ne2 e5 22. Nc4 exf4 23. Rad1 Rf7 24. Rhg1 b5 25. axb5 cxb5 26. Nd6 Ne5+ 27. Kf2 Rc7 28. Nf5 Bf8 29. c3 Bc5+ 30. Nfd4 Rf8 31. Rg5 Re7 32. Kf1 h6 33. Rg1 Kh7 34. b4 Bb6 35. Rh1 Nc4 36. Rd3 Ne3+ 37. Kf2 Rxe4 38. Kf3 Re7 39. Nc6 Rc7 40. Ne5 Re7 41. Rd7 Rxd7 42. Nxd7 Rf7 43. Nxb6 axb6 44. Ke4 g5 45. h4 Kg6 46. Rg1 Kf6 47. hxg5+ hxg5 48. Nxf4 gxf4 49. Kxf4 Nd5+ 50. Ke4 Nxc3+ 51. Kd3 Rc7 52. Rc1 Nd5 53. Rf1+ Ke5 54. Re1+ Kd6 55. Kd4 Rc4+ 56. Kd3 Nxb4+ 57. Kd2 Rd4+ 58. Kc3 Kc5 59. Re5+ Nd5+ 60. Kb3 Rd3+ 61. Kc2 Rc3+ 62. Kb2 b4 63. Re8 Kb5 64. Re5 Kc4 65. Re4+ Kd3 66. Re5 Ne3 67. Rb5 Nc4+ 68. Ka1 Rc1+ 69. Ka2 Kc3 70. Rh5 b3# 0-1

[Event "January 9 Early 2024"]
[Site "https://www.chess.com"]
[Date "2024.01.11"]
[Round "6"]
[White "Bortnyk, Olexandr"]
[Black "Pakleza, Zbigniew"]
[Result "1-0"]
[Board "239"]
[TimeControl "180+1"]
[WhiteFideId "14120828"]
[BlackFideId "1119290"]
[WhiteElo "3118"]
[BlackElo "2866"]
[WhiteTeam "UKR"]
[BlackTeam "POL"]
[WhiteClock "0:00:07"]
[BlackClock "0:00:02"]

1. e4 d6 2. g3 Nf6 3. Bg2 Bg4 4. Ne2 c6 5. h3 Bxe2 6. Qxe2 e6 7. d4 d5 8. e5 Nfd7 9. O-O c5 10. c4 Nb6 11. cxd5 Nxd5 12. Nc3 Nc6 13. Qb5 Qb6 14. Nxd5 exd5 15. Qxb6 axb6 16. dxc5 Bxc5 17. Bxd5 O-O-O 18. Bxf7 Nxe5 19. Be6+ Kb8 20. Bf4 Bd6 21. Be3 Bc5 22. Bf4 Bd6 23. Kg2 Rhe8 24. Bb3 Nd3 25. Bg5 Be7 26. h4 h6 27. Bxe7 Rxe7 28. Rad1 Red7 29. Rb1 b5 30. a3 Nc5 31. Bc2 Rd2 32. Rfd1 Kc7 33. Rxd2 Rxd2 34. Rc1 Kb6 35. b4 Na4 36. Bxa4 bxa4 37. Rc3 Rb2 38. Kf3 Rb3 39. Re3 Kb5 40. g4 Kc4 41. g5 hxg5 42. hxg5 b5 43. Kf4 Rxe3 44. fxe3 Kb3 45. e4 Kxa3 46. e5 Kxb4 47. e6 a3 48. e7 a2 49. e8=Q a1=Q 50. Qe7+ Kb3 51. Qe6+ Kb4 52. Qd6+ Kc4 53. Qc6+ Kb4 54. Qd6+ Kc4 55. Qe6+ Kb4 56. Qe4+ Kc5 57. Qe7+ Kc4 58. Qf7+ Kb4 59. g6 Qd4+ 60. Kf5 Kc5 61. Qa7+ Kc4 62. Qf7+ Qd5+ 63. Kf4 b4 64. Qxg7 1-0

[Event "January 9 Early 2024"]
[Site "https://www.chess.com"]
[Date "2024.01.11"]
[Round "6"]
[White "Batsiashvili, Nino"]
[Black "Soraas, Torben"]
[Result "1-0"]
[Board "240"]
[TimeControl "180+1"]
[WhiteFideId "13602993"]
[BlackFideId "1503529"]
[WhiteElo "2515"]
[BlackElo "2276"]
[WhiteTeam "GEO"]
[BlackTeam "NOR"]
[WhiteClock "0:00:19"]
[BlackClock "0:00:07"]

1. b3 b6 2. Bb2 Bb7 3. Nf3 Nf6 4. e3 e6 5. c4 c5 6. Nc3 Be7 7. Be2 O-O 8. d4 cxd4 9. exd4 d6 10. d5 e5 11. O-O Nbd7 12. b4 a6 13. Re1 Rc8 14. Bf1 Re8 15. Rc1 Nf8 16. a4 Ng6 17. a5 bxa5 18. b5 Nd7 19. Ba3 Nc5 20. Na4 Qd7 21. Nxc5 dxc5 22. bxa6 Bxa6 23. Nxe5 Nxe5 24. Rxe5 Bf6 25. Rxe8+ Qxe8 26. Bd3 Bd4 27. Rb1 Qe7 28. Bb2 Qf6 29. Bxd4 Qxd4 30. Qc2 g6 31. h3 Ra8 32. Rd1 Qf6 33. d6 Bc8 34. Be4 Ra7 35. Bc6 Bd7 36. Qa4 Qe6 37. Bxd7 Rxd7 38. Qc6 a4 39. Qxc5 a3 40. Qxa3 Qxc4 41. Qa8+ Kg7 42. Qe8 Qe6 43. Qxe6 fxe6 44. f4 Kf6 45. Kf2 e5 46. Kf3 exf4 47. Kxf4 h6 48. g4 Ke6 49. g5 h5 50. Ke4 Rf7 51. d7 Rxd7 52. Rxd7 Kxd7 53. Ke5 Ke7 54. h4 Kf7 55. Kd6 Kf8 56. Ke6 Kg7 57. Ke7 Kg8 58. Kf6 Kh7 59. Kf7 Kh8 60. Kxg6 Kg8 61. Kxh5 Kh8 62. Kh6 Kg8 63. g6 Kh8 64. g7+ Kg8 65. h5 Kf7 66. Kh7 Kf6 67. g8=Q Kf5 68. h6 1-0

[Event "January 9 Early 2024"]
[Site "https://www.chess.com"]
[Date "2024.01.11"]
[Round "6"]
[White "Skurikhin, Dmitrij"]
[Black "Gavrilov, Maxim"]
[Result "1-0"]
[Board "241"]
[TimeControl "180+1"]
[WhiteFideId "4161297"]
[BlackFideId "24271454"]
[WhiteElo "2200"]
[BlackElo "2434"]
[WhiteTeam "RUS"]
[BlackTeam "RUS"]
[WhiteClock "0:00:06"]
[BlackClock "0:00:22"]

1. d4 Nf6 2. Nf3 d5 3. c4 c6 4. Nc3 e6 5. cxd5 exd5 6. Bg5 Be7 7. e3 O-O 8. Bd3 Nbd7 9. Qc2 h6 10. Bf4 Re8 11. O-O Nf8 12. Ne5 Ne6 13. Rfe1 Nxf4 14. exf4 Bd6 15. Rad1 a5 16. a3 Bg4 17. Rd2 Qb6 18. h3 Bc8 19. Na4 Qc7 20. Re3 Kf8 21. g4 b5 22. Nc5 Nd7 23. Rde2 Nxc5 24. dxc5 Bxe5 25. Rxe5 Rxe5 26. Rxe5 f6 27. Re3 Qxf4 28. Bg6 Bd7 29. Qd2 Qg5 30. Bc2 Re8 31. Rxe8+ Bxe8 32. Qc3 a4 33. Bf5 Qf4 34. Qa5 Qc1+ 35. Kg2 Qxc5 36. Qd8 Qe7 37. Qb8 Kf7 38. h4 g6 39. Bd3 Bd7 40. h5 gxh5 41. gxh5 Qe8 42. Qd6 Qg8+ 43. Bg6+ Kg7 44. Qxd7+ Kh8 45. Qe7 Qg7 46. Qd8+ Qg8 47. Qxf6+ Qg7 48. Qd8+ Qg8 49. Qf6+ Qg7 50. Qxc6 d4 51. Qc8+ Qg8 52. Qd7 Qg7 53. Qd8+ Qg8 54. Qxd4+ Qg7 55. Qxg7+ Kxg7 56. Be8 Kf6 57. Bxb5 Kg5 58. Bxa4 Kxh5 59. Bc2 Kg5 60. a4 h5 61. a5 h4 62. Kh3 Kf4 63. a6 Kf3 64. a7 Kxf2 65. a8=Q Ke1 66. Qe4+ Kd2 67. Qd3+ Kc1 68. Kxh4 Kxb2 69. Ba4 Kc1 70. Qc2# 1-0

[Event "January 9 Early 2024"]
[Site "https://www.chess.com"]
[Date "2024.01.11"]
[Round "6"]
[White "Abrosimov, Vladimir"]
[Black "Kekic, Armin"]
[Result "0-1"]
[Board "242"]
[TimeControl "180+1"]
[WhiteFideId "4166892"]
[BlackFideId "14401274"]
[WhiteElo "2176"]
[BlackElo "2337"]
[WhiteTeam "RUS"]
[BlackTeam "BIH"]
[WhiteClock "0:00:50"]
[BlackClock "0:00:11"]

1. c4 e5 2. Nc3 f5 3. g3 Nf6 4. Bg2 Bc5 5. d3 O-O 6. e3 d6 7. Nge2 a5 8. O-O Nc6 9. d4 exd4 10. exd4 Bb6 11. Be3 Ng4 12. Nd5 Nxe3 13. fxe3 Ne7 14. Nxb6 cxb6 15. d5 Ng6 16. Nd4 Ne5 17. b3 Qg5 18. Qd2 Ng4 19. Rae1 Bd7 20. h3 Ne5 21. Kh2 Rae8 22. Rf4 Qh6 23. Rh4 Qf6 24. Rf1 g5 25. Rh5 Qg6 26. Qe2 g4 27. Rh4 Qg5 28. Qf2 Ng6 29. Re1 Nxh4 30. gxh4 Qf6 31. hxg4 fxg4 32. Qxf6 Rxf6 33. Kg3 h5 34. e4 Kg7 35. Re2 Kg6 36. a3 Re5 37. Nc2 Kg7 38. Ne1 Re7 39. Nd3 Ref7 40. Re3 Kh6 41. Re2 Rf8 42. Re3 Kg6 43. Re2 Rf3+ 44. Bxf3 Rxf3+ 45. Kg2 Rxd3 46. e5 dxe5 47. Rxe5 Bf5 48. b4 axb4 49. axb4 Rd2+ 50. Kg3 Rd3+ 51. Kg2 g3 52. c5 bxc5 53. bxc5 Bg4 54. d6 Kf6 55. Re7 Be6 56. Re8 Bd5+ 57. Kg1 g2 58. Re1 Rh3 59. Kf2 Rh1 60. Rg1 Rxg1 61. Kxg1 Ke6 62. Kf2 Kd7 63. Kg1 Kc6 64. Kf2 Be6 65. Kg1 Kxc5 66. d7 Bxd7 67. Kxg2 Bg4 68. Kf2 Kc4 69. Ke3 Kc3 70. Ke4 b5 0-1

[Event "January 9 Early 2024"]
[Site "https://www.chess.com"]
[Date "2024.01.11"]
[Round "6"]
[White "Dushyant Sharma"]
[Black "Tristan, Leonardo"]
[Result "0-1"]
[Board "243"]
[TimeControl "180+1"]
[WhiteFideId "25065130"]
[BlackFideId "113816"]
[WhiteElo "2507"]
[BlackElo "2737"]
[WhiteTeam "IND"]
[BlackTeam "ARG"]
[WhiteClock "0:00:05"]
[BlackClock "0:00:06"]

1. e4 d5 2. exd5 Qxd5 3. Nc3 Qa5 4. g3 Nf6 5. Bg2 e5 6. Nge2 Bd6 7. d3 c6 8. Be3 O-O 9. Qd2 Ng4 10. Ne4 Bb4 11. c3 Nxe3 12. Qxe3 Be7 13. O-O Qb6 14. d4 Nd7 15. b4 Re8 16. Rfe1 Bf8 17. Nc5 a5 18. Rab1 axb4 19. Rxb4 Qc7 20. Rb2 Nxc5 21. dxc5 Ra5 22. c4 Bxc5 23. Qe4 f5 24. Qh4 Ra3 25. Nf4 Be7 26. Qh5 Rf8 27. Rbe2 Bf6 28. Nh3 g6 29. Qh6 Bg7 30. Qh4 h6 31. Kh1 Be6 32. Ng1 Ra4 33. Rc2 b5 34. Nf3 Bxc4 35. Qh3 e4 36. Nd2 Bd5 37. Rec1 Qf7 38. Nb3 Rc4 39. Qh4 g5 40. Qh3 Be6 41. Rxc4 Bxc4 42. Nd2 Be6 43. Nf1 f4 44. g4 f3 45. Bxf3 exf3 46. Ne3 c5 47. Qg3 Bxa2 48. Rxc5 Bc4 49. h4 Qf4 50. Qh3 Qxe3 51. fxe3 f2 52. Rxc4 f1=Q+ 53. Qxf1 Rxf1+ 54. Kg2 bxc4 55. Kxf1 gxh4 56. Ke2 h3 57. Kf3 c3 0-1

[Event "January 9 Early 2024"]
[Site "https://www.chess.com"]
[Date "2024.01.11"]
[Round "6"]
[White "Kleibel, Uwe"]
[Black "Laddha, Shubh Jayesh"]
[Result "1/2-1/2"]
[Board "244"]
[TimeControl "180+1"]
[WhiteFideId "1270982"]
[BlackFideId "30942799"]
[WhiteElo "2378"]
[BlackElo "2563"]
[WhiteTeam "GER"]
[BlackTeam "USA"]
[WhiteClock "0:00:24"]
[BlackClock "0:00:22"]

1. e4 e5 2. Nf3 Nc6 3. d4 exd4 4. Nxd4 Nf6 5. Nxc6 bxc6 6. Nd2 Bc5 7. Bd3 d5 8. O-O O-O 9. c4 Ba6 10. Qc2 Re8 11. a3 h6 12. b4 Bd4 13. Rb1 dxe4 14. Nxe4 Nxe4 15. Bxe4 Bxc4 16. Bxc6 Bxf1 17. Kxf1 Qh4 18. h3 Qf6 19. Bxa8 Rxa8 20. Bb2 Rd8 21. Bxd4 Qxd4 22. Re1 Qd6 23. Qe4 Qa6+ 24. Kg1 Qxa3 25. Qe7 Qd3 26. Qxc7 a6 27. Qc6 Qd2 28. Qe4 Qd6 29. Ra1 g6 30. Qe2 Rb8 31. Qxa6 Qxb4 32. Qe2 h5 33. Re1 Qf8 34. g3 Rd8 35. Kg2 Qd6 36. h4 Qd5+ 37. Qe4 Qd2 38. Qe2 Qd6 39. Qe5 Qxe5 40. Rxe5 Kg7 41. Re2 Kf6 42. Ra2 Rd5 43. Ra6+ Ke7 44. Ra2 Ke6 45. Re2+ Re5 46. Ra2 Kf5 47. Rd2 Ke4 48. Re2+ Kd5 49. Ra2 Ke6 50. Ra7 Rd5 51. Ra6+ Ke5 52. Ra7 Kf6 53. Ra6+ Kg7 54. Ra7 Rf5 55. Rb7 Rf6 56. Ra7 Rf5 57. Rb7 Ra5 58. Rc7 Rb5 59. Ra7 Rb3 60. Rc7 Rb8 61. Ra7 Rc8 62. Rb7 Ra8 63. Rc7 Kf6 64. Rb7 Ke6 65. Rc7 Rd8 66. Rb7 Rd7 67. Rb6+ Rd6 68. Rb7 Rd7 69. Rb6+ Rd6 70. Rb7 Rd7 1/2-1/2

[Event "January 9 Early 2024"]
[Site "https://www.chess.com"]
[Date "2024.01.11"]
[Round "6"]
[White "Krivenko, Dion"]
[Black "Cordoba Roa, Angel Gabriel"]
[Result "1-0"]
[Board "245"]
[TimeControl "180+1"]
[WhiteFideId "4508378"]
[BlackFideId "3957624"]
[WhiteElo "2454"]
[BlackElo "2615"]
[WhiteTeam "EST"]
[BlackTeam "COL"]
[WhiteClock "0:00:09"]
[BlackClock "0:00:21"]

1. e4 e5 2. Bc4 Nf6 3. d3 Bc5 4. c3 O-O 5. Nd2 Re8 6. h3 c6 7. Qe2 d5 8. Bb3 a5 9. a4 Be6 10. Ngf3 Nbd7 11. Ng5 Nf8 12. Nxe6 Nxe6 13. Nf3 Bb6 14. O-O Nf4 15. Bxf4 exf4 16. e5 d4 17. Rfe1 Nd5 18. Nxd4 Bxd4 19. cxd4 Nb4 20. Qe4 Qg5 21. Rac1 Rad8 22. Rc5 b6 23. e6 f5 24. Rxf5 Qe7 25. Rf7 Qg5 26. Rd7 Nd5 27. Rxd8 Qxd8 28. e7 Qd6 29. Qe5 Qxe5 30. Rxe5 Kf7 31. Bxd5+ cxd5 32. Rxd5 Rxe7 33. Rb5 Re1+ 34. Kh2 Re2 35. Rxb6 Rxf2 36. Kg1 Rc2 37. Rb5 Ke6 38. Rxa5 Rxb2 39. Ra6+ Kd5 40. Ra7 Kxd4 41. Rxg7 Kxd3 42. Rxh7 Rb1+ 43. Kf2 Rb2+ 44. Kf3 Rb1 45. Kxf4 Rf1+ 46. Kg3 Ra1 47. Ra7 Kd4 48. Kg4 Kc5 49. g3 Kb6 50. Ra8 Kb7 51. Ra5 Kb6 52. Rf5 Rxa4+ 53. Rf4 Ra3 54. h4 Kc6 55. h5 Kd7 56. h6 Ra1 57. Kg5 Rh1 58. Rh4 Rg1 59. g4 Ra1 60. h7 Ra5+ 61. Kg6 Ra6+ 62. Kg7 Ke7 63. h8=Q Rf6 64. Rh7 Rf4 65. Kh6+ Ke6 66. g5 Rh4+ 67. Kg6 Rf4 68. Qe8+ Kd5 69. Rd7+ Kc4 70. Qc8+ Kb3 71. Rb7+ Ka3 72. Qa8+ Ra4 73. Qf8+ Ka2 74. Qf2+ Ka1 75. Qb2# 1-0

[Event "January 9 Early 2024"]
[Site "https://www.chess.com"]
[Date "2024.01.11"]
[Round "6"]
[White "Babayeva, Nasrin"]
[Black "Crocker, Philip J"]
[Result "1-0"]
[Board "246"]
[TimeControl "180+1"]
[WhiteFideId "13416626"]
[BlackFideId "403180"]
[WhiteElo "1849"]
[BlackElo "2082"]
[WhiteTeam "AZE"]
[BlackTeam "ENG"]
[WhiteClock "0:00:20"]
[BlackClock "0:00:14"]

1. c4 c5 2. g3 Nf6 3. Bg2 d5 4. cxd5 Nxd5 5. Nc3 Nc7 6. Nf3 Nc6 7. d3 e5 8. O-O Be7 9. a3 O-O 10. Rb1 b6 11. Nxe5 Nxe5 12. Bf4 Bd6 13. Bxa8 Nxa8 14. d4 Ng6 15. Bxd6 Qxd6 16. dxc5 Qxc5 17. Qd5 Qxd5 18. Nxd5 Be6 19. Rfd1 Rc8 20. h4 h5 21. Ne3 b5 22. Rbc1 Rb8 23. b4 Nb6 24. Rc7 a6 25. Ra7 Nc4 26. Nxc4 bxc4 27. Rxa6 Ne5 28. Rc1 Ng4 29. Rc6 Ra8 30. Rc3 Nf6 31. b5 Ne4 32. Re3 Nd2 33. b6 Rb8 34. a4 Nb3 35. Rd6 Kf8 36. Re5 g6 37. a5 Ke7 38. Rc6 Kd7 39. Rcxe6 fxe6 40. Rb5 Nd4 41. Rb4 c3 42. Rxd4+ Kc6 43. Rc4+ Kb5 44. Rxc3 Kxa5 45. Rc6 Kb5 46. Rxe6 Rc8 47. Rxg6 Rc1+ 48. Kg2 Rc2 49. Kf3 Rb2 50. e3 Kc5 51. Rh6 Kd5 52. Rxh5+ Kc6 53. Rh6+ Kb7 54. Rf6 Rb5 55. h5 Rxh5 56. g4 Rb5 57. Kf4 Kc8 58. e4 Rb2 59. f3 Rb3 60. g5 Rb1 61. g6 Rg1 62. Kf5 Rg3 63. f4 Rg1 64. e5 Rh1 65. g7 Rg1 66. Rf8+ Kb7 67. g8=Q Rxg8 68. Rxg8 Kxb6 69. e6 Kc6 70. e7 1-0

[Event "January 9 Early 2024"]
[Site "https://www.chess.com"]
[Date "2024.01.11"]
[Round "6"]
[White "Lymar, Vladislav"]
[Black "Chemin, Justo Reinaldo"]
[Result "1-0"]
[Board "247"]
[TimeControl "180+1"]
[WhiteFideId "14162180"]
[BlackFideId "2101580"]
[WhiteElo "2537"]
[BlackElo "2243"]
[WhiteTeam "UKR"]
[BlackTeam "BRA"]
[WhiteClock "0:00:04"]
[BlackClock "0:00:02"]

1. d4 e6 2. c4 d5 3. cxd5 exd5 4. Bf4 Nf6 5. e3 c6 6. Bd3 Bd6 7. Bxd6 Qxd6 8. Nc3 O-O 9. h3 Re8 10. Qc2 Nbd7 11. Nf3 Nf8 12. O-O Ng6 13. Rab1 a5 14. a3 Bd7 15. Rfc1 b5 16. Re1 Re7 17. e4 dxe4 18. Nxe4 Nxe4 19. Rxe4 Rae8 20. Rxe7 Rxe7 21. Rd1 Qf4 22. Qc5 Bxh3 23. Bxg6 Qg4 24. Qg5 hxg6 25. Rc1 Qxg5 26. Nxg5 Bd7 27. Kf1 f6 28. Nf3 Re4 29. Rc5 g5 30. Nd2 Rxd4 31. Ke2 Rd5 32. Rxd5 cxd5 33. Kd3 Kf7 34. Nb3 a4 35. Nc5 Ke7 36. Kd4 Bc6 37. Nd3 Kd6 38. Nb4 f5 39. Nc2 g6 40. g3 f4 41. Ne1 Ke6 42. Nd3 Kf5 43. Kc5 Bb7 44. Kxb5 fxg3 45. fxg3 Kg4 46. Kxa4 Kxg3 47. Kb4 Kh2 48. Ne5 Bc8 49. Nxg6 g4 50. Kc3 g3 51. Nf4 g2 52. Nxg2 Kxg2 53. Kd4 Kf3 54. b4 Ke2 55. a4 Kd2 56. b5 Bd7 57. Kxd5 Kc3 58. Kc5 Kb3 59. a5 Ka4 60. a6 Bxb5 61. a7 1-0

[Event "January 9 Early 2024"]
[Site "https://www.chess.com"]
[Date "2024.01.11"]
[Round "6"]
[White "Iturrizaga Bonelli, Eduardo"]
[Black "Sturt, Raven"]
[Result "1-0"]
[Board "248"]
[TimeControl "180+1"]
[WhiteFideId "3901211"]
[BlackFideId "2007304"]
[WhiteElo "2999"]
[BlackElo "2760"]
[WhiteTeam "ESP"]
[BlackTeam "USA"]
[WhiteClock "0:00:10"]
[BlackClock "0:00:04"]

1. c4 f5 2. g3 Nf6 3. Bg2 g6 4. Nc3 Bg7 5. d4 d6 6. Nf3 O-O 7. Qc2 Qe8 8. d5 Na6 9. O-O Bd7 10. Be3 c5 11. dxc6 bxc6 12. Rfd1 Rb8 13. Bxa7 Rb7 14. Be3 Nb4 15. Qc1 Ng4 16. Bd2 Na6 17. h3 Nf6 18. Be3 Qb8 19. b3 e5 20. Bh6 e4 21. Bxg7 Kxg7 22. Nd4 Nc7 23. Qb2 c5 24. Nc2 Rb6 25. Rd2 Be6 26. Rad1 Rd8 27. Ne3 Kf7 28. f3 exf3 29. exf3 f4 30. gxf4 Qc8 31. Ng4 Nce8 32. Nb5 d5 33. cxd5 Bxg4 34. Na7 Qa8 35. Nc6 Bf5 36. Qc3 Rxc6 37. dxc6 Rxd2 38. Rxd2 Qxc6 39. Bf1 Nd6 40. Qe5 Nde8 41. Bc4+ Kg7 42. Qe7+ Kh6 43. Kf2 Qb6 44. h4 Qb4 45. Rd8 Qc3 46. Rxe8 Qd4+ 47. Kg2 Nxe8 48. Qg5+ Kg7 49. Qe7+ Kh6 50. Qxe8 Qxf4 51. Qf8+ Kh5 52. Qxc5 Kxh4 53. Qf2+ Kh5 54. a4 Qg5+ 55. Qg3 Qd2+ 56. Kg1 Qc1+ 57. Kh2 Qd2+ 58. Qg2 Qd6+ 59. Kg1 Qd1+ 60. Qf1 Qd4+ 61. Qf2 Qd1+ 62. Kg2 Qd8 63. Qe3 Kh4 64. Qh6# 1-0

[Event "January 9 Early 2024"]
[Site "https://www.chess.com"]
[Date "2024.01.11"]
[Round "6"]
[White "McCoy, Owen"]
[Black "Kiselev, Vitalii"]
[Result "1/2-1/2"]
[Board "249"]
[TimeControl "180+1"]
[WhiteFideId "30924502"]
[BlackFideId "4194128"]
[WhiteElo "2612"]
[BlackElo "2753"]
[WhiteTeam "USA"]
[BlackTeam "FID"]
[WhiteClock "0:00:04"]
[BlackClock "0:00:02"]

1. d4 Nf6 2. c4 g6 3. Nf3 Bg7 4. g3 O-O 5. Bg2 d6 6. O-O c6 7. Nc3 Qa5 8. h3 Qa6 9. b3 b5 10. Nd2 bxc4 11. Nxc4 Be6 12. Nb2 Nbd7 13. Be3 Rac8 14. Qd2 Nb6 15. Nd3 Nbd5 16. Nxd5 cxd5 17. Rfc1 Ne4 18. Qb2 Qb7 19. Rxc8 Rxc8 20. Rc1 Rxc1+ 21. Qxc1 Bd7 22. Qc2 f5 23. Ne1 Qb6 24. Nf3 h6 25. Bf1 Kf7 26. Bc1 g5 27. e3 Qa5 28. Bd2 Qb6 29. Be1 h5 30. Nd2 g4 31. Nxe4 dxe4 32. h4 e5 33. dxe5 Bxe5 34. Qc4+ Be6 35. Qa6 Qb8 36. Ba5 d5 37. Qc6 d4 38. exd4 Bxd4 39. Qc7+ Qxc7 40. Bxc7 Ke7 41. Bb5 Bd7 42. Bc4 Be6 43. Ba6 Bd5 44. Bf4 Kd7 45. Kf1 Kc6 46. Ke1 Be6 47. Ke2 Kc5 48. Be3 Bd7 49. Bc4 Be8 50. Bf4 Bg6 51. Be6 Kb4 52. Bd6+ Kc3 53. Bb8 a5 54. a4 Kb4 55. Bd6+ Bc5 56. Bf4 Bd4 57. Bd2+ Bc3 58. Bg5 Bd4 59. Be7+ Bc5 60. Bg5 Bd4 61. Be7+ Kc3 62. Bd8 Kb4 63. Be7+ 1/2-1/2

[Event "January 9 Early 2024"]
[Site "https://www.chess.com"]
[Date "2024.01.11"]
[Round "6"]
[White "Carre, Sylvain"]
[Black "Tulchynskyi, Feliks"]
[Result "0-1"]
[Board "250"]
[TimeControl "180+1"]
[WhiteFideId "642118"]
[BlackFideId "34127895"]
[WhiteElo "2367"]
[BlackElo "2562"]
[WhiteTeam "FRA"]
[BlackTeam "UKR"]
[WhiteClock "0:00:10"]
[BlackClock "0:00:33"]

1. d4 Nf6 2. Bf4 g6 3. e3 Bg7 4. Be2 O-O 5. Nf3 c5 6. c3 b6 7. O-O Bb7 8. h3 d6 9. a4 a5 10. Na3 Re8 11. Nb5 Nc6 12. Bh2 Qd7 13. Re1 Rad8 14. d5 Nb8 15. c4 Na6 16. Bd3 Nc7 17. e4 Nxb5 18. axb5 e5 19. dxe6 fxe6 20. Bc2 e5 21. Nd2 Rf8 22. f3 Ne8 23. Nf1 Nc7 24. Ne3 Ne6 25. Nd5 Bxd5 26. Qxd5 Kh8 27. Kh1 Nd4 28. Bd1 Bh6 29. Bg1 Ne6 30. Bh2 Bf4 31. Bg1 Bg3 32. Re2 Nf4 33. Qc6 Qxc6 34. bxc6 Nxe2 35. Bxe2 Rc8 36. Bd1 Rxc6 37. Ba4 Rc7 38. b3 Kg7 39. Rd1 Rd8 40. Be3 Bf4 41. Bxf4 exf4 42. Kg1 Kf6 43. Kf2 Re7 44. Ke2 Re5 45. Kf2 Ke7 46. Rd2 Rg8 47. Rd1 g5 48. g4 fxg3+ 49. Kxg3 Rf8 50. Bc6 h5 51. Bd5 Rf6 52. Rd2 Rg6 53. Rd1 Rg7 54. Rd2 Kf6 55. Rd1 Ra7 56. Ra1 Rxd5 57. exd5 Ke5 58. Re1+ Kd4 59. Re6 Rd7 60. Rg6 Kc3 61. Rxg5 Kxb3 62. f4 a4 63. f5 a3 64. f6 Rf7 65. Rf5 a2 66. Rf3+ Kxc4 67. Rf1 Kxd5 68. Kh4 Rxf6 69. Ra1 Rf4+ 70. Kxh5 Ra4 71. h4 Kc4 72. Kg5 Kb3 73. h5 Kb2 74. Rg1 a1=Q 75. Rxa1 Kxa1 76. h6 d5 77. h7 Ra8 78. Kg6 Rh8 79. Kg7 Rxh7+ 80. Kxh7 d4 81. Kg6 c4 0-1

[Event "January 9 Early 2024"]
[Site "https://www.chess.com"]
[Date "2024.01.11"]
[Round "6"]
[White "Rodriguez Avila, Alvaro"]
[Black "Latreche, Khadidja"]
[Result "1-0"]
[Board "251"]
[TimeControl "180+1"]
[WhiteFideId "24570249"]
[BlackFideId "7901780"]
[WhiteElo "2312"]
[BlackElo "2139"]
[WhiteTeam "ESP"]
[BlackTeam "ALG"]
[WhiteClock "0:00:01"]
[BlackClock "0:00:01"]

1. e4 c5 2. Nf3 e6 3. d4 cxd4 4. Nxd4 Nc6 5. Nxc6 bxc6 6. Bd3 Nf6 7. O-O d6 8. Qe2 Be7 9. e5 Nd5 10. Nd2 Qc7 11. Nc4 dxe5 12. Qxe5 Qxe5 13. Nxe5 Bb7 14. a3 O-O 15. Re1 Bf6 16. Nd7 Rfd8 17. Nxf6+ Nxf6 18. Bg5 Rd7 19. Re5 Nd5 20. Re2 f6 21. Bd2 e5 22. f3 Rad8 23. Kf2 g6 24. Rae1 Kf7 25. h4 h5 26. Ba5 Nb6 27. Kg3 Rc8 28. f4 exf4+ 29. Kxf4 Nd5+ 30. Kg3 c5 31. Bc4 Bc6 32. Rd2 Kg7 33. Red1 Ne3 34. Rxd7+ Kf8 35. Rd8+ Rxd8 36. Rxd8+ Ke7 37. Be2 Nxc2 38. Rd2 Nd4 39. Bc3 Nf5+ 40. Kf2 Nxh4 41. g3 Nf5 42. Bc4 Nd6 43. Bd3 f5 44. Ke3 c4 45. Bc2 Ke6 46. Bb4 Nf7 47. Bc3 Bd5 48. Kf4 g5+ 49. Ke3 Nd6 50. Bb4 1-0

[Event "January 9 Early 2024"]
[Site "https://www.chess.com"]
[Date "2024.01.11"]
[Round "6"]
[White "Baules Rodriguez, Jorge Luis"]
[Black "Christiansen, Johan-Sebastian"]
[Result "1-0"]
[Board "252"]
[TimeControl "180+1"]
[WhiteFideId "6600247"]
[BlackFideId "1512668"]
[WhiteElo "2610"]
[BlackElo "2880"]
[WhiteTeam "PAN"]
[BlackTeam "NOR"]
[WhiteClock "0:00:14"]
[BlackClock "0:00:06"]

1. e4 e5 2. Nf3 Nc6 3. Bb5 f5 4. Nc3 fxe4 5. Nxe4 d5 6. Nxe5 dxe4 7. Nxc6 Qd5 8. c4 Qd6 9. Qh5+ g6 10. Qe5+ Qxe5 11. Nxe5+ c6 12. Ba4 Bg7 13. d4 exd3 14. Nxd3 Bf5 15. Nf4 O-O-O 16. O-O Nf6 17. h3 g5 18. g4 Bd7 19. Ng2 h5 20. f3 hxg4 21. hxg4 Rh3 22. Bxg5 Rdh8 23. Nf4 Rh2 24. Nh5 R2xh5 25. gxh5 Rxh5 26. Be3 Rh3 27. Kg2 Rh5 28. Rh1 Re5 29. Rae1 Ra5 30. Bb3 Bf5 31. Bd4 Kd7 32. Rhg1 Nh5 33. Bxg7 Nxg7 34. Kf2 Ne6 35. Re2 Nf4 36. Rd2+ Ke7 37. Re1+ Kf6 38. Kg3 Nh5+ 39. Kf2 Nf4 40. Rd6+ Kg7 41. Rh1 Re5 42. Rd2 Nd3+ 43. Kg3 Nc5 44. Bc2 Bxc2 45. Rxc2 Re3 46. Kf2 Re6 47. Rd1 Re7 48. b4 Na4 49. Rd3 Nb6 50. Re3 Rf7 51. a3 Rf4 52. Re4 Rf7 53. Rd2 Nd7 54. Rd6 Nf6 55. Rf4 Kg6 56. Rfxf6+ Rxf6 57. Rxf6+ Kxf6 58. Ke3 Ke5 59. f4+ Kf5 60. Kf3 b6 61. Ke3 a6 62. Kf3 a5 63. bxa5 bxa5 64. Ke3 Ke6 65. Ke4 Kd6 66. Kd4 c5+ 67. Ke4 Ke6 68. f5+ Kd6 69. Kf4 a4 70. Ke4 Kc6 71. Ke5 1-0